 Dungeon Crawl Stone Soup version 0.27-a0-1139-g28e009f8a6 (webtiles) character file.

Game seed: 1653966026722022249

23967 Armakuni the Cruncher (level 13, -3/103 HPs)
             Began as a Human Conjurer on May 7, 2021.
             Was a High Priest of Vehumet.
             Slain by an eight-headed hydra (10 damage)
             ... on level 3 of the Lair of Beasts.
             The game lasted 00:42:21 (14065 turns).

Armakuni the Cruncher (Human Conjurer)             Turns: 14065, Time: 00:42:21

Health: -3/103     AC: 10    Str: 12    XL:     13   Next: 39%
Magic:  26/30      EV: 11    Int: 25    God:    Vehumet [*****.]
Gold:   768        SH: 11    Dex: 12    Spells: 9/23 levels left

rFire    . . .     SeeInvis .   a - staff of conjuration
rCold    . . .     Faith    .   j - +1 buckler
rNeg     . . .     Spirit   .   v - +1 troll leather armour
rPois    .         Reflect  +   l - +2 hat
rElec    .         Harm     .   w - +0 cloak
rCorr    .         Rampage  .   (no gloves)
Will     .....                  m - +1 pair of boots {Fly}
Stlth    ++........             H - amulet of reflection
HPRegen  1.27/turn              I - +6 ring of intelligence
MPRegen  0.22/turn              P - ring of magical power

@: about to teleport, flying
A: no striking features
a: Renounce Religion


You were on level 3 of the Lair of Beasts.
You worshipped Vehumet.
Vehumet was extremely pleased with you.
You visited 3 branches of the dungeon, and saw 13 of its levels.
You also visited: Ossuary and Volcano.

You collected 868 gold pieces.
You spent 100 gold pieces at shops.

Inventory:

Armour
 j - a +1 buckler (worn)
 l - a +2 hat (worn)
 m - a +1 pair of boots of flying (worn)
 v - a +1 troll leather armour (worn)
 w - a +0 cloak (worn)
Magical Staves
 a - a staff of conjuration (weapon)
Jewellery
 H - an amulet of reflection (around neck)
 I - a +6 ring of intelligence (left hand)
 P - a ring of magical power (right hand)
Wands
 g - a wand of flame (11)
 q - a wand of polymorph (7)
 s - a wand of iceblast (5)
 t - a wand of paralysis (8)
Scrolls
 e - 2 scrolls of fog
 n - 4 scrolls of vulnerability
 p - 2 scrolls of brand weapon
 r - 2 scrolls of identify
 x - 3 scrolls of blinking
 y - 7 scrolls of teleportation
 z - 3 scrolls of enchant weapon
 C - 2 scrolls of holy word
Potions
 b - 7 potions of flight
 c - 3 potions of might
 d - 4 potions of brilliance
 f - 4 potions of curing
 h - 2 potions of berserk rage
 i - a potion of cancellation
 k - 6 potions of lignification
 o - 2 potions of mutation
 u - 3 potions of resistance
 D - a potion of attraction
 E - a potion of heal wounds
 F - 2 potions of haste
Miscellaneous
 A - a tin of tremorstones (1/2)


   Skills:
 - Level 10.0 Fighting
 - Level 12.0 Staves
 - Level 2.0 Dodging
 - Level 2.0 Stealth
 - Level 4.0 Shields
 + Level 5.5 Spellcasting
 - Level 10.0 Conjurations
 - Level 10.0 Evocations


You had 9 spell levels left.
You knew the following spells:

 Your Spells              Type           Power      Damage    Failure   Level
b - Searing Ray           Conj           100%       3d7       1%          2
c - Mephitic Cloud        Conj/Pois/Air  35%        N/A       2%          3
f - Fireball              Conj/Fire      23%        3d11      10%         5
m - Iskenderun's Mystic   Conj/Tloc      47%        2d10      3%          4

Your spell library contained the following spells:

 Spells                   Type           Power      Damage    Failure   Level
 Olgreb's Toxic Radiance  Pois           6%         N/A       24%         4
 Foxfire                  Conj/Fire      100%       2x1d9     1%          1
 Magic Dart               Conj           100%       1d8       1%          1
 Shock                    Conj/Air       100%       1d9       1%          1
 Static Discharge         Conj/Air       47%        N/A       1%          2
 Conjure Flame            Conj/Fire      47%        6-21      1%          3
 Dazzling Flash           Conj/Hex       94%        N/A       1%          3
 Fulminant Prism          Conj/Hex       23%        3d13      3%          4
 Sticky Flame             Conj/Fire      47%        2d6       3%          4
 Inner Flame              Hex/Fire       6%         N/A       9%          3
 Summon Small Mammal      Summ           24%        N/A       10%         1
 Lightning Bolt           Conj/Air       23%        1d39      10%         5
 Call Imp                 Summ           6%         N/A       16%         2
 Airstrike                Air            3%         N/A       24%         4
 Call Canine Familiar     Summ           6%         N/A       30%         3
 Portal Projectile        Hex/Tloc       12%        N/A       30%         3
 Summon Guardian Golem    Hex/Summ       6%         N/A       30%         3
 Swiftness                Air            6%         N/A       30%         3
 Conjure Ball Lightning   Conj/Air       23%        3x3d6     43%         6
 Passage of Golubria      Tloc           N/A        N/A       69%         4
 Summon Ice Beast         Ice/Summ       6%         N/A       69%         4
 Summon Lightning Spire   Summ/Air       6%         N/A       69%         4
 Silence                  Hex/Air        3%         N/A       95%         5


Dungeon Overview and Level Annotations

Branches:
Dungeon (9/15)             Temple (1/1) D:4            Lair (3/6) D:9
  Snake (0/4) Lair:2      Ossuary (visited)         Volcano (visited)
  Swamp: Lair:2-4    Shoals: Lair:2-4       Orc: D:9-12

Altars:
Ashenzari
Cheibriados
Dithmenos
Elyvilon
Fedhas
Gozag
Hepliaklqana
Kikubaaqudgha
Makhleb
Nemelex Xobeh
Okawaru
Qazlal
Ru
Sif Muna
Trog
Uskayaw
Vehumet
Wu Jian
Xom
Yredelemnul
Zin
The Shining One
Beogh

Shops:
D:1 ((?*


Message History

The harpoon shot hits you!
You are yanked forward by the harpoon shot.
The swamp worm barely misses you.
An eight-headed hydra comes into view.
Casting: Searing Ray (safe; 1% risk of failure)
Confirm with . or Enter, or press ? or * to list all spells.
You feel a surge of power!
You erupt in a blast of force!
The mystic blast hits the eight-headed hydra.
The eight-headed hydra is lightly wounded.
The eight-headed hydra is knocked back by the mystic blast.
The eight-headed hydra slams into the tree!
The mystic blast hits the tyrant leech!
The tyrant leech is moderately wounded.
The tyrant leech is knocked back by the mystic blast.
The mystic blast hits the swamp worm!
The swamp worm is moderately wounded.
The mystic blast hits the swamp worm.
The swamp worm is lightly wounded.
The swamp worm is knocked back by the mystic blast.
The swamp worm slams into the tree!
You hear a croak.
The swamp worm fires a harpoon shot at you.
The harpoon shot hits you!
You are yanked forward by the harpoon shot.
The tyrant leech misses you.
As you read the scroll of teleportation, it crumbles to dust.
You feel strangely unstable. The swamp worm bites you!
The tyrant leech bites you!!
The tyrant leech draws strength from your injuries!
The swamp worm bites you!!
* * * LOW HITPOINT WARNING * * *
You block the swamp worm's attack. The eight-headed hydra bites you!
* * * LOW HITPOINT WARNING * * *
You block the eight-headed hydra's attack.
The eight-headed hydra bites you!
* * * LOW HITPOINT WARNING * * *
The eight-headed hydra bites you.
* * * LOW HITPOINT WARNING * * *
The eight-headed hydra bites you!
You die...

##..♣♣ ♣............ #P...♣
♣P#####.#..## ##..♣♣ ♣♣
###### #..♣ ### #..♣ ♣♣♣♣.
#.##### #..♣♣♣♣♣...
♣♣#####..P#(##
###....♣♣...♣♣♣♣.............
#.....♣♣...D≈w≈♣♣............
##.....♣♣≈≈w@w≈≈♣♣...........
#P...♣♣≈≈≈≈≈≈≈≈♣............
##P.♣♣...≈≈≈≈≈≈♣#.##.###.##.
#...♣♣..♣♣♣♣♣♣♣###### #####
###.....# ###.### ###


You could see an eight-headed hydra, a tyrant leech and 2 swamp worms.

Vanquished Creatures
  2 hydras
  3 death yaks (Lair:3)
  A hell hog (Volcano)
  A fire crab (Volcano)
  Pikel (D:8)
  Maurice (D:9)
  Joseph (D:9)
  A black mamba (Lair:1)
  A torpor snail (Lair:2)
  A cane toad (Lair:2)
  Maggie (D:7)
  5 komodo dragons
  A troll (D:9)
  A hornet (D:9)
  14 blink frogs
  2 wyverns
  21 yaks
  13 fire bats
  Grum (D:9)
  2 steam dragons
  5 nagas (Lair:2)
  Edmund (D:5)
  Menkaure (D:6)
  Duvessa (D:7)
  A hell hound (Volcano)
  6 water moccasins
  A sky beast (D:6)
  4 orc warriors
  2 ice beasts
  3 ogres
  2 necrophages
  10 wolves
  2 centaurs (D:8)
  4 lemures (D:8)
  2 kobold brigands (D:9)
  9 bullfrogs
  Dowan (D:7)
  19 killer bees (D:9)
  6 wights
  5 electric eels (D:9)
  2 howler monkeys (D:8)
  2 centaur zombies
  A bullfrog zombie (D:5)
  A centaur skeleton (D:6)
  6 hounds
  2 jellies (D:6)
  3 orc priests
  2 gnoll shamans (D:7)
  5 iguanas
  Natasha (twice) (D:3)
  5 orc wizards
  A killer bee zombie (D:9)
  A hound zombie (D:5)
  A hound skeleton (D:4)
  A howler monkey zombie (D:5)
  4 mummies (Ossuary)
  11 gnolls
  8 adders
  A shadow imp (D:8)
  An ufetubus (D:4)
  An adder zombie (Ossuary)
  3 dart slugs
  56 orcs
  A bat (D:3)
  9 endoplasms
  2 gnoll zombies (Ossuary)
  4 hobgoblins
  8 jackals
  A quokka (D:1)
  6 ball pythons
  3 frilled lizards
  5 goblins
  A goblin zombie (Ossuary)
  A hobgoblin zombie (Ossuary)
  A jackal skeleton (D:4)
  21 kobolds
  An orc zombie (Ossuary)
  6 rats
349 creatures vanquished.

Vanquished Creatures (collateral kills)
  A death yak (Lair:2)
  A hound zombie (Ossuary)
  An orc (D:5)
  A hobgoblin zombie (Ossuary)
  A jackal zombie (Ossuary)
  A kobold zombie (Ossuary)
  2 orc zombies (Ossuary)
8 creatures vanquished.

Vanquished Creatures (others)
  3 fungi
  8 plants
11 creatures vanquished.

Grand Total: 368 creatures vanquished

Notes
Turn   | Place    | Note
-------+----------+-------------------------------------------
     0 | D:1      | Armakuni the Human Conjurer began the quest for the Orb.
     0 | D:1      | Reached XP level 1. HP: 13/13 MP: 3/3
     4 | D:1      | Found Bigatol's Assorted Antiques.
    51 | D:1      | Found Goixeo Navo's Magic Scroll Shoppe.
    59 | D:1      | Found Miogiuge's Antique Weapon Shoppe.
   246 | D:1      | Found Rennaa's Antique Weapon Shoppe.
   264 | D:1      | Reached XP level 2. HP: 19/19 MP: 1/5
   557 | D:1      | Learned a level 2 spell: Searing Ray
   932 | D:1      | Reached skill level 5 in Conjurations
   932 | D:1      | Reached XP level 3. HP: 24/24 MP: 0/6
  1037 | D:1      | Bought a coppery potion for 23 gold pieces
  1037 | D:1      | Bought a viscous puce potion for 23 gold pieces
  1497 | D:2      | Reached XP level 4. HP: 23/30 MP: 3/8
  1919 | D:1      | Bought a scroll labelled XAVOPULAQE for 26 gold pieces
  1919 | D:1      | Identified a scroll of acquirement
  1919 | D:1      | Acquired a staff of conjuration
  2002 | D:1      | Bought a scroll of fog for 28 gold pieces
  2411 | D:3      | Learned a level 4 spell: Iskenderun's Mystic Blast
  2870 | D:3      | Noticed Natasha
  2878 | D:3      | Killed Natasha
  2879 | D:3      | Reached skill level 1 in Shields
  2879 | D:3      | Reached XP level 5. HP: 35/35 MP: 1/9
  3876 | D:3      | Noticed Natasha
  3995 | D:3      | Killed Natasha
  3996 | D:3      | Reached XP level 6. HP: 40/41 MP: 5/10
  4335 | D:4      | Found a staircase to the Ecumenical Temple.
  4345 | Temple   | Entered the Ecumenical Temple
  4529 | Temple   | Became a worshipper of Vehumet
  5047 | D:5      | Entered Level 5 of the Dungeon
  5054 | D:5      | Noticed a steam dragon
  5069 | D:5      | Killed a steam dragon
  5070 | D:5      | Reached XP level 7. HP: 37/46 MP: 8/14
  5461 | D:5      | Reached XP level 8. HP: 52/52 MP: 10/15
  5860 | D:5      | Noticed Edmund
  5877 | D:5      | Killed Edmund
  5891 | D:5      | Reached * piety under Vehumet
  5891 | D:5      | Offered knowledge of Freeze by Vehumet.
  6595 | D:6      | Reached XP level 9. HP: 57/57 MP: 6/16
  6926 | D:6      | Noticed Menkaure
  6931 | D:6      | Killed Menkaure
  6994 | D:6      | Found a sparkling altar of Nemelex Xobeh.
  6994 | D:6      | Found an ornate altar of the Wu Jian Council.
  7000 | D:6      | Reached skill level 10 in Conjurations
  7000 | D:6      | Reached skill level 1 in Evocations
  7216 | D:7      | Noticed Duvessa
  7216 | D:7      | Noticed Dowan
  7223 | D:7      | Killed Duvessa
  7223 | D:7      | Killed Dowan
  7399 | D:7      | Noticed Maggie
  7413 | D:7      | Killed Maggie
  7414 | D:7      | Reached skill level 5 in Evocations
  7414 | D:7      | Found a sand-covered staircase.
  7433 | Ossuary  | Entered an ossuary
  7453 | Ossuary  | Reached ** piety under Vehumet
  7454 | Ossuary  | Offered knowledge of Sandblast by Vehumet.
  8086 | D:7      | Reached XP level 10. HP: 63/63 MP: 12/17
  8346 | D:8      | Identified Muokilaw's Handbook of Lightness and
                  | Translocation
  8391 | D:8      | Noticed Pikel
  8453 | D:8      | Killed Pikel
  8718 | D:8      | Offered knowledge of Stone Arrow by Vehumet.
  9065 | D:9      | Reached *** piety under Vehumet
  9069 | D:9      | Noticed Joseph
  9084 | D:9      | Killed Joseph
  9085 | D:9      | Reached skill level 10 in Evocations
  9085 | D:9      | Reached skill level 1 in Staves
  9115 | D:9      | Reached skill level 2 in Staves
  9156 | D:9      | Noticed Maurice
  9405 | D:9      | Found a staircase to the Lair.
  9417 | D:9      | Reached skill level 3 in Staves
  9542 | D:9      | Reached skill level 4 in Staves
  9542 | D:9      | Reached XP level 11. HP: 68/68 MP: 9/18
  9643 | D:9      | Offered knowledge of Mephitic Cloud by Vehumet.
  9848 | D:9      | Reached skill level 5 in Staves
  9951 | D:9      | Noticed Grum
  9954 | D:9      | Killed Grum
  9955 | D:9      | Reached skill level 6 in Staves
  9960 | D:9      | Killed Maurice
  9960 | D:9      | Reached **** piety under Vehumet
  9961 | D:9      | Reached skill level 7 in Staves
 10011 | D:9      | Learned a level 3 spell: Mephitic Cloud
 10092 | D:9      | Offered knowledge of Fireball by Vehumet.
 10145 | D:9      | Learned a level 5 spell: Fireball
 10373 | Lair:1   | Entered Level 1 of the Lair of Beasts
 10386 | D:9      | Reached skill level 8 in Staves
 10687 | Lair:1   | Noticed a four-headed hydra
 10695 | Lair:1   | Killed a four-headed hydra
 10696 | Lair:1   | Reached skill level 9 in Staves
 10760 | Lair:1   | Found a dark tunnel.
 10769 | Volcano  | Entered a volcano
 10852 | Volcano  | Noticed a fire crab
 10856 | Volcano  | Reached skill level 10 in Staves
 10861 | Volcano  | Killed a fire crab
 10862 | Volcano  | Reached XP level 12. HP: 55/74 MP: 13/19
 10994 | Volcano  | Noticed a hell hog
 10998 | Volcano  | Killed a hell hog
 10999 | Volcano  | Reached skill level 11 in Staves
 11940 | Lair:2   | Reached skill level 12 in Staves
 11940 | Lair:2   | Reached skill level 1 in Fighting
 12291 | Lair:2   | Reached skill level 5 in Fighting
 12489 | Lair:2   | Reached ***** piety under Vehumet
 12583 | Lair:2   | Offered knowledge of Olgreb's Toxic Radiance by Vehumet.
 12652 | Lair:2   | Found a staircase to the Snake Pit.
 12943 | Lair:3   | Reached XP level 13. HP: 96/96 MP: 20/20
 12946 | Lair:3   | Noticed a seven-headed hydra
 12954 | Lair:3   | Killed a seven-headed hydra
 13541 | Lair:3   | Reached skill level 10 in Fighting
 13541 | Lair:3   | Reached skill level 5 in Spellcasting
 14063 | Lair:3   | Noticed an eight-headed hydra
 14065 | Lair:3   | Slain by an eight-headed hydra

Illustrated notes

Levels and vault maps discovered:
D:1:      sevenhm_arrival_forest_fort_small_6, layout_loops_ring, serial_shops,
          shop_statue, shop, nicolae_shop_stone, nicolae_shop_overgrown_old_shop
D:2:      layout_loops_ring
D:3:      layout_basic, amethyst_killhole, dk_noncrumbling_3, uniq_natasha
D:4:      layout_gridville, minmay_temple_entry_overgrown, portal_sewer_entry_d
D:5:      layout_basic, serial_glass, glass_columns_a, glass_columns_c,
          glass_columns_a, glass_columns_c, glass_columns_b, glass_columns_a,
          uniq_edmund
D:6:      layout_gridville, gammafunk_temple_overflow_pools,
          hangedman_abyss_or_decor_lesser_grid, uniq_menkaure
D:7:      layout_basic, chequers_ossuary_entry_cave, uniq_maggie, uniq_duvessa
D:8:      layout_cave_pools, uniq_pikel
D:9:      layout_roguey [special_room_orc], erik_lair_island, uniq_maurice,
          uniq_joseph, uniq_grum
Temple:   regret_index_temple_chain_breaker
Lair:1:   layout_loops_ring, nicolae_volcano_entry_batcave, grunt_megastairs_5
Lair:2:   layout_roguey, minmay_snake_entry_guardpost_medium, grunt_megastairs_1
Lair:3:   layout_long_grid, palyth_hydra_swamp_entry, columned_hall_lemuel,
          chequers_serial_rivers_micro_b, lemuel_fruit_tree

Skill      XL: |  1  2  3  4  5  6  7  8  9 10 11 12 13 |
---------------+----------------------------------------+-----
Conjurations   | 5 6 9 10 | 10.0
Spellcasting   | 3 4 5 |  5.5
Shields        | 1 3 4 |  4.0
Evocations     | 6 10 | 10.0
Staves         | 4 10 12 | 12.0
Fighting       | 7 10 | 10.0
Dodging        | |  2.0
Stealth        | |  2.0

Action                   |  1- 3 |  4- 6 |  7- 9 | 10-12 | 13-15 || total
-------------------------+-------+-------+-------+-------+-------++-------
Melee: Short sword       |     1 |       |       |       |       ||     1
       Staff             |       |     4 |    35 |    18 |    14 ||    71
 Cast: Magic Dart        |    24 |       |       |       |       ||    24
       Searing Ray       |    12 |    52 |    52 |   100 |    26 ||   242
       Iskenderun's Myst |       |       |       |     2 |    10 ||    12
       Fireball          |       |       |       |     5 |     1 ||     6
Evoke: Wand              |       |     3 |     9 |    18 |     7 ||    37
       Tin of tremorston |       |       |       |     3 |       ||     3
  Use: Scroll            |     4 |     3 |    12 |     6 |     2 ||    27
       Potion            |     2 |       |     4 |     5 |       ||    11
 Stab: Sleeping          |       |     1 |       |       |       ||     1
Armor: Robe              |       |     3 |     7 |       |       ||    10
       Skin              |       |       |     8 |     8 |       ||    16
       Steam dragon scal |       |       |    16 |    15 |       ||    31
       Troll leather arm |       |       |       |    22 |     8 ||    30
Dodge: Dodged            |     1 |    13 |    36 |    74 |    11 ||   135
Block: Buckler           |       |    10 |    61 |   102 |    17 ||   190
       Reflection        |       |     1 |     1 |     2 |       ||     4

Table legend: (Time is in decaauts)
 A = Elapsed time spent in this place.
 B = Non-inter-level travel time spent in this place.
 C = Inter-level travel time spent in this place.
 D = Time resting spent in this place.
 E = Time spent auto-exploring this place.
 F = Levels seen in this place.
 G = Mean time per level.
                   A        B        C        D        E       F      G
               +--------+--------+--------+--------+--------+-----+--------+
         Total |  14112 |  13629 |    483 |   3635 |   7384 |  15 |  940.8 |
       Dungeon |  10001 |   9675 |    326 |   2933 |   5003 |   9 | 1111.2 |
        Temple |    199 |    152 |     47 |      0 |    139 |   1 |  199.0 |
          Lair |   3250 |   3140 |    110 |    562 |   1920 |   3 | 1083.3 |
       Ossuary |    370 |    370 |      0 |    140 |    142 |   1 |  370.0 |
       Volcano |    290 |    290 |      0 |      0 |    180 |   1 |  290.0 |
               +--------+--------+--------+--------+--------+-----+--------+

Top non-repeatable levels by time:
     D:3: 1506 daAuts
     D:9: 1319 daAuts
  Lair:2: 1194 daAuts
     D:1: 1181 daAuts
     D:4: 1111 daAuts
     D:5: 1095 daAuts
  Lair:1: 1094 daAuts
     D:2: 1062 daAuts
     D:6: 1024 daAuts
  Lair:3: 961 daAuts
     D:8: 928 daAuts
     D:7: 771 daAuts
 Ossuary: 370 daAuts
 Volcano: 290 daAuts
  Temple: 199 daAuts
